 Dungeon Crawl Stone Soup version 0.28-a0-1493-g08698888e4 (webtiles) character file.

Game seed: 17635631559785395527

2011 kae the Ruffian (level 9, 0/83 HPs)
             Began as a Troll Transmuter on Jan 12, 2022.
             Slain by a skeletal warrior (25 damage)
             ... on level 5 of the Dungeon.
             The game lasted 00:06:14 (6558 turns).

kae the Ruffian (Troll Transmuter)                  Turns: 6558, Time: 00:06:14

Health: 0/83       AC:  5    Str: 20    XL:     9   Next: 2%
Magic:  12/12      EV: 13    Int: 13    God:
Gold:   340        SH:  0    Dex: 10    Spells: 6/14 levels left

rFire   . . .      SeeInvis .     - Unarmed
rCold   . . .      Faith    .   (no shield)
rNeg    . . .      Spirit   .   a - +1 robe
rPois   .          Reflect  .   (helmet restricted)
rElec   .          Harm     .   (no cloak)
rCorr   .          Rampage  .   (gloves unavailable)
Will    .....                   (boots unavailable)
Stlth   +.........              (no amulet)
HPRegen 1.03/turn               h - +4 ring of evasion
MPRegen 0.13/turn               (no ring)

@: no status effects
A: large, unfitting armour, claws 3, regeneration 1, shaggy fur 1, tough skin 1
a: no special abilities


You were on level 5 of the Dungeon.
You visited 2 branches of the dungeon, and saw 7 of its levels.

You collected 340 gold pieces.

Inventory:

Armour
 a - a +1 robe (worn)
Jewellery
 h - a +4 ring of evasion (left claw)
 o - a +4 ring of protection
 p - an amulet of the acrobat
Wands
 b - a wand of flame (13)
 m - a wand of iceblast (9)
Scrolls
 c - a scroll of magic mapping
 r - a scroll of blinking
Potions
 d - 2 potions of might
 e - 5 potions of mutation
 f - 3 potions of brilliance
 g - a potion of haste
 i - a potion of attraction
 j - a potion of invisibility {unknown}
 k - a potion of lignification {unknown}
 l - a potion of resistance {unknown}
 q - 2 potions of cancellation {unknown}
 s - 2 potions of curing


   Skills:
 + Level 3.6 Fighting
 - Level 1.5 Dodging
 * Level 7.0 Unarmed Combat
 + Level 3.0 Spellcasting
 * Level 5.0 Transmutations
 * Level 2.7 Ice Magic
 - Level 1.0 Poison Magic


You had 6 spell levels left.
You knew the following spells:

 Your Spells              Type           Power      Damage    Failure   Level
a - Beastly Appendage     Tmut           30%        N/A       3%          1
b - Spider Form           Tmut/Pois      9%         N/A       21%         3
c - Ice Form              Ice/Tmut       12%        N/A       43%         4

Your spell library contained the following spells:

 Spells                   Type           Power      Damage    Failure   Level
 Wereblood                Tmut           15%        N/A       4%          2
 Portal Projectile        Hex/Tloc       2%         N/A       56%         3
 Blade Hands              Tmut           7%         N/A       63%         5
 Excruciating Wounds      Necr           0%         N/A       99%         5


Dungeon Overview and Level Annotations

Branches:
Dungeon (6/15)             Temple (1/1) D:5

Altars:
Ashenzari
Cheibriados
Dithmenos
Elyvilon
Fedhas
Gozag
Kikubaaqudgha
Makhleb
Okawaru
Qazlal
Sif Muna
Trog
Uskayaw
Vehumet
Wu Jian
Xom
Yredelemnul
Zin
The Shining One

Annotations:
D:6 1 runed translucent door, Crazy Yiuf


Innate Abilities, Weirdness & Mutations

You are too large for most types of armour.
You have claws for hands.
Your natural rate of healing is unusually fast.
You are covered in fur. (AC +1)
You have tough skin. (AC +1)


Message History

The skeletal warrior is lightly damaged.
The skeletal warrior barely misses you.
You scratch the skeletal warrior but do no damage.
The skeletal warrior is lightly damaged.
The skeletal warrior hits you with a +0 flail.
You completely miss the skeletal warrior.
The skeletal warrior is lightly damaged.
The skeletal warrior hits you with a +0 flail.
There is an open door here.
The skeletal warrior hits you with a +0 flail!
There is an open door here.
You see here a +0 robe.
There is an open door here.
The skeletal warrior closely misses you.
There is an open door here.
You claw the skeletal warrior!
The skeletal warrior is lightly damaged.
The skeletal warrior hits you with a +0 flail!!
You barely miss the skeletal warrior.
The skeletal warrior is lightly damaged.
The skeletal warrior hits you with a +0 flail.
You scratch the skeletal warrior but do no damage.
The skeletal warrior is lightly damaged.
The skeletal warrior hits you with a +0 flail!
You scratch the skeletal warrior but do no damage.
The skeletal warrior is lightly damaged.
The skeletal warrior closely misses you.
You scratch the skeletal warrior but do no damage.
The skeletal warrior is lightly damaged.
You barely miss the skeletal warrior.
The skeletal warrior is lightly damaged.
The skeletal warrior hits you with a +0 flail.
You claw the skeletal warrior!
The skeletal warrior is moderately damaged.
The skeletal warrior hits you with a +0 flail!!
* * * LOW HITPOINT WARNING * * *
You scratch the skeletal warrior but do no damage.
The skeletal warrior is moderately damaged.
The skeletal warrior hits you with a +0 flail!!
You die...

#.(.'.....#...##.....#
#...#.....#...##<....#
#####.....#...)......#
#...#.....#..........#
#...'.....#..........#
#...#.....######......
###'#.....#...##.....#
#...#z....#...#####'##
#...#@....#...#.......
#...#.....#...#.......
#...#.....#...#.(....#
#...#.....#...#......#
#...#.....#...##.....#
#...#.....#...######)#
#...#.....#...#......#
#...#.....#...#......#
#...#.....#...#......'


You could see a skeletal warrior.

Vanquished Creatures
  A komodo dragon (D:6)
  Eustachio (D:4)
  Menkaure (D:5)
  Edmund (D:5)
  A sky beast (D:6)
  An ice beast (D:6)
  2 ogres
  A centaur (D:5)
  2 phantoms
  A bullfrog (D:6)
  A wyvern zombie (D:4)
  2 scorpions
  A bullfrog zombie (D:6)
  A centaur zombie (D:5)
  An orc priest (D:4)
  2 hounds
  2 iguanas
  7 orc wizards
  3 gnolls (D:2)
  6 adders
  3 worms
  4 dart slugs
  23 orcs
  4 ball pythons
  9 endoplasms
  5 goblins
  8 hobgoblins
  4 quokkas
  4 bats
  8 kobolds
  5 rats
115 creatures vanquished.

Notes
Turn   | Place    | Note
-------+----------+-------------------------------------------
     0 | D:1      | kae the Troll Transmuter began the quest for the Orb.
     0 | D:1      | Reached XP level 1. HP: 18/18 MP: 1/1
   106 | D:1      | Reached skill level 1 in Fighting
   106 | D:1      | Reached XP level 2. HP: 27/27 MP: 3/3
   107 | D:1      | Found a faded altar of an unknown god.
   755 | D:1      | Reached XP level 3. HP: 17/33 MP: 2/4
   776 | D:1      | Learned a level 3 spell: Spider Form
  1123 | D:2      | Found an ornate altar of the Wu Jian Council.
  1505 | D:2      | Reached XP level 4. HP: 41/41 MP: 3/5
  1754 | D:3      | Reached skill level 1 in Poison Magic
  1808 | D:3      | Reached XP level 5. HP: 48/48 MP: 4/6
  1913 | D:3      | Reached skill level 4 in Unarmed Combat
  2511 | D:4      | Noticed Eustachio
  2522 | D:4      | HP: 1/49 [iron imp[Eustachio] (10)]
  2845 | D:4      | Killed Eustachio
  2846 | D:4      | Reached XP level 6. HP: 47/57 MP: 4/7
  3310 | D:4      | Reached skill level 5 in Unarmed Combat
  3352 | D:5      | Entered Level 5 of the Dungeon
  3378 | D:4      | Reached XP level 7. HP: 55/66 MP: 9/9
  3402 | D:5      | Noticed Menkaure
  3510 | D:4      | Learned a level 4 spell: Ice Form
  3698 | D:5      | Noticed Edmund
  3702 | D:5      | Killed Menkaure
  3879 | D:5      | Killed Edmund
  4017 | D:5      | Reached skill level 1 in Ice Magic
  4108 | D:5      | Reached XP level 8. HP: 73/75 MP: 6/10
  4269 | D:5      | Found a staircase to the Ecumenical Temple.
  4363 | D:5      | Reached skill level 6 in Unarmed Combat
  4608 | Temple   | Entered the Ecumenical Temple
  5499 | D:6      | Noticed a skeletal warrior
  5606 | D:6      | Noticed a komodo dragon
  5616 | D:6      | Killed a komodo dragon
  5792 | D:6      | Noticed a skeletal warrior
  5917 | D:6      | Found a runed translucent door.
  5918 | D:6      | Noticed Crazy Yiuf
  5972 | D:6      | Found a snail-covered altar of Cheibriados.
  6061 | D:6      | Reached skill level 7 in Unarmed Combat
  6205 | D:6      | Noticed a skeletal warrior
  6287 | D:6      | Reached skill level 5 in Transmutations
  6287 | D:6      | Reached XP level 9. HP: 83/83 MP: 12/12
  6558 | D:5      | Slain by a skeletal warrior

Illustrated notes

Levels and vault maps discovered:
D:1:      erik_arrival_blinker_ship, layout_basic,
          chequers_ecumenical_altar_island
D:2:      layout_loops_ring, basic_altar, chequers_serial_rivers_micro_d,
          st_stairs_11, grunt_ministairs_10
D:3:      layout_loops_ring
D:4:      layout_loops_corners, uniq_eustachio
D:5:      layout_gridville, temple_green, uniq_edmund, uniq_menkaure
D:6:      layout_gridville, mainiacjoe_overflow_alcove_1,
          chequers_serial_rivers_small_3, uniq_crazy_yiuf_cottage
Temple:   regret_index_temple_mists

Skill      XL: |  1  2  3  4  5  6  7  8 |
---------------+-------------------------+-----
Fighting       | 1 2 3 |  3.6
Transmutations | 2 3 4 5 |  5.0
Poison Magic   | 1 |  1.0
Unarmed Combat | 4 5 7 |  7.0
Spellcasting   | 2 3 |  3.0
Ice Magic      | 1 2 |  2.7
Dodging        | |  1.5

Action                   |  1- 3 |  4- 6 |  7- 9 || total
-------------------------+-------+-------+-------++-------
Melee: Unarmed           |    84 |   110 |   188 ||   382
       Headbutt          |     5 |     3 |       ||     8
       Kick              |    12 |     5 |       ||    17
       Punch             |     1 |     2 |     4 ||     7
 Cast: Beastly Appendage |    23 |    12 |     1 ||    36
       Spider Form       |       |     2 |    12 ||    14
       Ice Form          |       |       |     3 ||     3
Evoke: Wand              |       |       |     4 ||     4
  Use: Scroll            |       |    10 |     3 ||    13
       Potion            |       |     2 |       ||     2
 Stab: Sleeping          |       |     1 |       ||     1
Armor: Robe              |    43 |    21 |    24 ||    88
       Skin              |       |       |     7 ||     7
Dodge: Dodged            |    39 |    71 |   166 ||   276

Table legend: (Time is in decaauts)
 A = Elapsed time spent in this place.
 B = Non-inter-level travel time spent in this place.
 C = Inter-level travel time spent in this place.
 D = Time resting spent in this place.
 E = Time spent auto-exploring this place.
 F = Levels seen in this place.
 G = Mean time per level.
                   A        B        C        D        E       F      G
               +--------+--------+--------+--------+--------+-----+--------+
         Total |   6575 |   5946 |    629 |    511 |   4109 |   7 |  939.3 |
       Dungeon |   6365 |   5762 |    603 |    511 |   3945 |   6 | 1060.8 |
        Temple |    210 |    185 |     25 |      0 |    164 |   1 |  210.0 |
               +--------+--------+--------+--------+--------+-----+--------+

Top non-repeatable levels by time:
     D:5: 1737 daAuts
     D:4: 1437 daAuts
     D:6: 911 daAuts
     D:2: 812 daAuts
     D:1: 776 daAuts
     D:3: 690 daAuts
  Temple: 210 daAuts
